 Dungeon Crawl Stone Soup version 0.19.1 (webtiles) character file.

1346 Ice the Covered (level 8, -6/68 HPs)
             Began as a Minotaur Berserker on Dec 13, 2016.
             Was an Elder of Trog.
             Mangled by an eldritch tentacle (28 damage)
             ... called by a distortion unwield
             ... on level 3 of the Abyss.
             The game lasted 00:33:52 (4627 turns).

Ice the Covered (Minotaur Berserker)                Turns: 4627, Time: 00:33:52

Health: -6/68      AC:  5    Str: 21    XL:     8   Next: 36%
Magic:  7/7        EV: 12    Int:  4    God:    Trog [****..]
Gold:   386        SH: 10    Dex: 13    Spells: 0 memorised, 7 levels left

rFire  . . .     SeeInvis .     h - +1 hunting sling
rCold  . . .     Gourm    .     A - +0 leather armour "Tahypaxt" {MR+}
rNeg   + . .     Faith    .     E - +0 shield
rPois  .         Spirit   .     (helmet restricted)
rElec  .         Reflect  .     (no cloak)
rCorr  .         Harm     .     k - +0 pair of gloves
MR     +....                    (no boots)
Stlth  +.........               p - amulet of regeneration
                                (no ring)
                                F - ring of Lucidity {+Blink rN+}

@: lethally poisoned (-6 -> -6), slowed, very slow
A: retaliatory headbutt, horns 2
a: Berserk, Trog's Hand, Brothers in Arms, Burn Spellbooks, Renounce Religion,
Evoke Blink


You were on level 3 of the Abyss.
You worshipped Trog.
Trog was greatly pleased with you.
You were very hungry.

You visited 1 branch of the dungeon, and saw 6 of its levels.
You visited the Abyss 1 time.
You also visited: Sewer.

You collected 386 gold pieces.

Inventory:

Hand Weapons
 f - a +0 arbalest
 h - a +1 hunting sling (weapon)
 q - a +1 blowgun
 u - a +2 hand axe of freezing
 y - a +0 war axe
 I - a +2 rapier of distortion
Missiles
 e - 3 curare-tipped needles
 g - 21 poisoned needles
 i - 36 sling bullets (quivered)
 j - 247 stones
 x - 3 javelins
 G - 4 tomahawks
 J - 30 bolts
 M - 22 arrows
Armour
 k - a +0 pair of gloves (worn)
 A - the +0 leather armour "Tahypaxt" (worn) {MR+}
   (You found it on level 4 of the Dungeon)

   It affects your resistance to hostile enchantments.
 E - a +0 shield (worn)
Jewellery
 p - an amulet of regeneration (around neck)
 F - the ring of Lucidity (left hand) {+Blink rN+}
   (You found it on level 4 of the Dungeon)

   [ring of positive energy]

   It protects you from negative energy.
   It lets you blink.
Wands
 v - a wand of random effects (33/48)
 N - a wand of random effects (19/48)
Scrolls
 d - a scroll of identify {unknown}
 r - a scroll of recharging {unknown}
 s - a scroll of magic mapping {unknown}
 C - a scroll of fear {unknown}
 K - a scroll of remove curse
 L - a scroll of amnesia {unknown}
Potions
 a - a potion of heal wounds {unknown}
 b - 2 potions of agility {unknown}
 l - 2 potions of cancellation {unknown}
 m - a potion of brilliance {unknown}
 o - 2 potions of might {unknown}
 t - 4 potions of curing
 z - a potion of beneficial mutation {unknown}
 D - 3 potions of lignification {unknown}
Comestibles
 c - 3 bread rations
 n - 3 meat rations
 w - a slice of pizza
 B - 2 beef jerkies
 O - a chunk of flesh


   Skills:
 - Level 5.0 Fighting
   Level 3.6 Maces & Flails
 - Level 1.2(4.2) Slings
 + Level 5.9(6.0) Throwing
 - Level 5.9 Armour
 - Level 5.0 Dodging
 - Level 5.0 Shields


You had 7 spell levels left.
You didn't know any spells.

Dungeon Overview and Level Annotations

Branches:
Dungeon (6/15)             Temple (0/1) D:4

Altars:
Elyvilon
Gozag
Makhleb
Nemelex Xobeh
Okawaru
Trog
Yredelemnul
The Shining One


Innate Abilities, Weirdness & Mutations

You reflexively headbutt those who attack you in melee.
You have a pair of horns on your head.


Message History

You are suddenly pulled into a different region of the Abyss!
You are confused.
h - a +1 hunting sling (weapon)
You feel sick.
You feel sick.
You feel less confused.
Really wield
I - a +2 rapier of distortion?
Uppercase [Y]es or [N]o only, please.
Really wield
I - a +2 rapier of distortion?
Space warps around you for a moment!
I - a +2 rapier of distortion (weapon)
Unknown command.
Really unwield
I - a +2 rapier of distortion?
The dungeon shakes, a horrible noise fills the air, and a portal to some otherworldly place is opened!
h - a +1 hunting sling (weapon)
You feel sick.
Found 9 stones.
You feel sick. The eldritch tentacle slaps you!!
You feel yourself slow down. The eldritch tentacle claws you!!
You die...

# ### #.
#.## ..
#..#.#
##@#.#
#..w##
#..*.#
#..ยงยง..
.(##...##
#.# #.##.
#. ... .#
# #.. ..
#.. #.


You could see an eldritch tentacle.

Vanquished Creatures
  A sky beast (D:6)
  A phantom (D:4)
  3 ogres
  2 bullfrogs (Sewer)
  A scorpion (D:4)
  A water moccasin zombie (D:5)
  A howler monkey (D:4)
  2 orc priests (D:4)
  2 hounds (D:4)
  2 centaur skeletons (D:5)
  A jelly (D:5)
  4 orc wizards
  Terence (D:2)
  2 worker ants
  4 gnolls (D:4)
  6 adders
  2 shadow imps (D:5)
  An ooze (D:1)
  An adder skeleton (D:4)
  7 worms
  2 dart slugs
  12 leopard geckos
  12 orcs
  9 giant cockroaches
  6 hobgoblins
  8 jackals (D:2)
  A quokka (D:4)
  3 ball pythons
  9 bats
  6 frilled lizards
  6 goblins
  6 kobolds
  8 rats
  A spectral orc (D:3)
134 creatures vanquished.

Vanquished Creatures (others)
  A rat (D:3)
1 creature vanquished.

Grand Total: 135 creatures vanquished

Notes
Turn   | Place    | Note
-------+----------+-------------------------------------------
     0 | D:1      | Ice the Minotaur Berserker began the quest for the Orb.
     0 | D:1      | Reached XP level 1. HP: 19/19 MP: 0/0
    39 | D:1      | Reached XP level 2. HP: 23/26 MP: 1/1
   501 | D:1      | Reached ** piety under Trog
   501 | D:1      | Reached XP level 3. HP: 31/31 MP: 2/2
   906 | D:2      | Noticed Terence
   919 | D:2      | Killed Terence
   919 | D:2      | Reached XP level 4. HP: 38/39 MP: 3/3
  1014 | D:2      | Reached skill level 5 in Dodging
  1219 | D:3      | Found a white marble altar of Elyvilon.
  1329 | D:3      | Reached XP level 5. HP: 25/47 MP: 4/4
  1399 | D:3      | Reached skill level 5 in Fighting
  1441 | D:3      | Reached *** piety under Trog
  1599 | D:3      | Found a basalt altar of Yredelemnul.
  1653 | D:3      | Reached skill level 1 in Slings
  1872 | D:4      | Found a sparkling altar of Nemelex Xobeh.
  1892 | D:4      | Reached XP level 6. HP: 35/56 MP: 5/5
  1910 | D:4      | Reached skill level 5 in Armour
  1944 | D:4      | Reached skill level 1 in Shields
  1976 | D:4      | Reached XP level 7. HP: 61/61 MP: 6/6
  2057 | D:4      | Found a staircase to the Ecumenical Temple.
  2301 | D:4      | Got a warped lead ring
  2316 | D:4      | Identified the ring of Lucidity {+Blink rN+} (You found it on level 4 of the Dungeon)
  2322 | D:4      | Got a heavily runed leather armour
  2333 | D:4      | Identified the +0 leather armour "Tahypaxt" {MR+} (You found it on level 4 of the Dungeon)
  2400 | D:4      | Found an iron altar of Okawaru.
  2577 | D:4      | Reached skill level 5 in Shields
  2928 | D:5      | Entered Level 5 of the Dungeon
  2943 | D:5      | Reached skill level 1 in Throwing
  3064 | D:5      | Reached **** piety under Trog
  3072 | D:5      | Found an opulent altar of Gozag.
  3315 | D:5      | Found a glowing golden altar of the Shining One.
  3315 | D:5      | Found a bloodstained altar of Trog.
  3316 | D:5      | Found a burning altar of Makhleb.
  3380 | D:5      | Found a glowing drain.
  3384 | Sewer    | Entered a sewer
  3545 | Sewer    | Reached XP level 8. HP: 68/68 MP: 7/7
  4108 | D:5      | Reached skill level 5 in Throwing
  4607 | D:6      | Cast into level 2 of the Abyss (a distortion unwield)
  4627 | Abyss:3  | Noticed an eldritch tentacle
  4627 | Abyss:3  | Mangled by an eldritch tentacle

Skill      XL: |  1  2  3  4  5  6  7  8 |
---------------+-------------------------+-----
Dodging        | 3 4 5 |  5.0
Fighting       | 4 5 |  5.0
Slings         | 1 |  1.2
Armour         | 4 5 |  5.9
Shields        | 2 5 |  5.0
Throwing       | 3 5 |  5.9
Maces & Flails | |  3.6

Action                   |  1- 3 |  4- 6 |  7- 9 || total
-------------------------+-------+-------+-------++-------
Melee: Mace              |    66 |     2 |       ||    68
       Headbutt          |    13 |    16 |    18 ||    47
       War axe           |       |    93 |    21 ||   114
       Hand axe          |       |       |    90 ||    90
 Fire: Hunting sling     |    28 |    36 |    35 ||    99
       Blowgun           |       |       |    44 ||    44
Throw: Stone             |     4 |    11 |    30 ||    45
Invok: Berserk           |       |     1 |       ||     1
  Use: Scroll            |     3 |     2 |     1 ||     6
  Eat: Chunk             |       |     4 |     8 ||    12
Armor: Scale mail        |    20 |       |       ||    20
       Leather armour    |     2 |       |    14 ||    16
       Chain mail        |       |    62 |     6 ||    68
Dodge: Dodged            |    43 |    50 |    30 ||   123
Block: Shield            |       |    19 |    63 ||    82
